 Dungeon Crawl Stone Soup version 0.29.1-15-g9cfb28693d (webtiles) character file.

Game seed: 6658750253611979435

34 Heoruswealwe the Magician (level 3, 19/19 HPs)
             Began as a Deep Elf Earth Elementalist on Apr 19, 2023.
             Was a Follower of Dithmenos.
             Got out of the dungeon alive.
             The game lasted 00:08:04 (809 turns).

Heoruswealwe the Magician (DEEE)                     Turns: 809, Time: 00:08:05

Health: 19/19      AC:  2    Str:  5    XL:     3   Next: 14%
Magic:  10/10      EV: 12    Int: 21    God:    Dithmenos [*.....]
Gold:   47         SH:  0    Dex: 15    Spells: 4/10 levels left

rFire   . . .      SeeInvis .   (no weapon)
rCold   . . .      Faith    .   (no shield)
rNeg    . . .      Spirit   .   a - +0 robe
rPois   .          Reflect  .   (no helmet)
rElec   .          Harm     .   (no cloak)
rCorr   .          Rampage  .   (no gloves)
Will    .....                   (no boots)
Stlth   ++........              (no amulet)
HPRegen 0.06/turn               (no ring)
MPRegen 0.12/turn               (no ring)

@: hasted, wreathed by umbra, very quick
A: no striking features
a: Renounce Religion


You escaped.
You worshipped Dithmenos.
Dithmenos was aware of your devotion.
You visited 1 branch of the dungeon, and saw 1 of its levels.

You collected 47 gold pieces.

Inventory:

Armour
 a - a +0 robe (worn)
 d - a +0 robe
Jewellery
 i - a ring of fire
Potions
 b - a potion of magic
 e - a potion of brilliance


   Skills:
 - Level 2.4 Dodging
 - Level 2.4 Stealth
 + Level 4.1 Spellcasting
 - Level 1.1 Transmutations
 + Level 4.1 Earth Magic


You had 4 spell levels left.
You knew the following spells:

 Your Spells              Type           Power      Damage    Failure   Level
a - Sandblast             Erth           42%        2d11      2%          1
b - Stone Arrow           Conj/Erth      24%        3d8       16%         3
z - Passwall              Tmut/Erth      12%        N/A       6%          2

Your spell library contained the following spells:

 Spells                   Type           Power      Damage    Failure   Level
 Petrify                  Tmut/Erth      15%        N/A       38%         4


Dungeon Overview and Level Annotations

Branches:
Dungeon (1/15)

Altars:
Dithmenos

Shops:
D:1 **[[(


Message History

You kill the goblin!
Dithmenos accepts your kill.
Things that are here:
a +0 whip; a kobold corpse You see here a +0 dagger.
Found Siofural's Antique Weapon Shoppe.
There is an entrance to Siofural's Antique Weapon Shoppe here.
h - a scroll labelled LEINOS FA TECE
There is an entrance to Siofural's Antique Weapon Shoppe here.
Found a spear.
Found a chain mail.
You see here a +0 spear.
You see here a +0 chain mail.
i - a ring of fire You see here a +0 chain mail.
Done exploring.
Done exploring.
Done exploring.
You have 47 gold pieces.
Blink to where?
Press: ? - help, Dir - move target
As you read the scroll labelled CURHOS IDIUM, it crumbles to dust.
It was a scroll of blinking.
As you read the scroll labelled LEINOS FA TECE, it crumbles to dust.
It is a scroll of identify.
e - a potion of brilliance You aren't carrying any scrolls.
It was a potion of ambrosia.
You are confused.
You feel invigorated.
It was a potion of haste.
You feel yourself speed up.
You're too confused to move!
You start waiting.
You feel less invigorated.
You feel less confused.
There is an open door here.
There is a dry fountain here.
There is a staircase leading out of the dungeon here.
Are you sure you want to leave the Dungeon?
This will make you lose the game!
You have escaped!

#.....##..###.###.## #.#
..###.##.## ##.##.####.##
#..##.##..###.##......#.#########
#..##.##..............###.##.##.#
#..##.##..#...#####...#..........
#.....##..#...#...#.....#.##.##.#
#.##..##..#.###.⌠.###..##########
#.##.###....#.......#..# #.#
#........##.'.⌠.@.⌠.'..# #.# #
..(†........#.......#.## ##.#####
#.##.####.#.###.⌠.###.# ##.......
#.##.# #.#...#...#...###.....###
..##.# #.#...#####............##
#.##.# #..............#.........
#.##.# ################.......#.
#....# ##........ #.##.#
##...###.


There were no monsters in sight!

Vanquished Creatures
  A dart slug (D:1)
  A ball python (D:1)
  3 endoplasms (D:1)
  3 goblins (D:1)
  4 hobgoblins (D:1)
  A quokka (D:1)
  5 bats (D:1)
  4 frilled lizards (D:1)
  6 kobolds (D:1)
  2 rats (D:1)
30 creatures vanquished.

Notes
Turn   | Place    | Note
-------+----------+-------------------------------------------
     0 | D:1      | Heoruswealwe the Deep Elf Earth Elementalist began the
                  | quest for the Orb.
     0 | D:1      | Reached XP level 1. HP: 10/10 MP: 6/6
   145 | D:1      | Reached XP level 2. HP: 9/15 MP: 2/8
   190 | D:1      | Found a faded altar of an unknown god.
   194 | D:1      | Prayed at the altar of an unknown god.
   194 | D:1      | Became a worshipper of Dithmenos the Shadowed
   194 | D:1      | Reached * piety under Dithmenos
   245 | D:1      | Found Zyweell's Antique Armour Boutique.
   246 | D:1      | Found Hofuut's Antique Armour Boutique.
   328 | D:1      | Found Furhuank's Assorted Antiques.
   458 | D:1      | Found Foqay's General Store.
   547 | D:1      | Reached XP level 3. HP: 19/19 MP: 6/10
   550 | D:1      | Learned a level 2 spell: Passwall
   554 | D:1      | Learned a level 3 spell: Stone Arrow
   658 | D:1      | Found Siofural's Antique Weapon Shoppe.
   809 | D:$      | Got out of the dungeon alive.

Illustrated notes

Levels and vault maps discovered:
D:1:      dpeg_arrival_simpleton_c, layout_loops_ring,
          shapermc_ecumenical_altar_mp_vishouse, serial_shops,
          nicolae_shop_hallway_stairs, nicolae_shop_advertising_works
          [nicolae_subvault_shop_adworks], nicolae_shop_behind_doors, shop,
          nicolae_shop_trees, amcnicky_mini_corridor_feature

Skill      XL: |  1  2 |
---------------+-------+-----
Spellcasting   | 4 |  4.1
Earth Magic    | 4 |  4.1
Dodging        | |  2.4
Stealth        | |  2.4
Transmutations | |  1.1

Action                   || total
-------------------------++-------
 Cast: Sandblast         ||    42
  Use: Scroll            ||     2
       Potion            ||     2
Armor: Robe              ||     3
Dodge: Dodged            ||     7
